SA
NIAGARA FALLS EXPOS @ SYRACUSE STORM
06/25/2041
 
TOP OF THE 1ST
Niagara Falls Expos batting - Pitching for Syracuse Storm : LHP Ari Heinonen
Pitching: LHP Ari Heinonen
Batting: LHB Allen Harding 0-0: Ball
1-0: Ball
2-0: Ground out U3 (Groundball, 3L, EV 106.2 MPH)
Batting: LHB Conrad Overdevest 0-0: SINGLE (Flyball, 89M, EV 93.8 MPH)
Batting: LHB Alex Joly 0-0: Ball
1-0: Ball
2-0: Called Strike
2-1: Foul Ball, location: 2F
2-2: Ball
3-2: Strikes out looking
Batting: RHB Nick O'Quigley 0-0: Ball
1-0: Foul Ball, location: 2F
1-1: Ball
2-1: Swinging Strike
2-2: Ball
3-2: Strikes out swinging
Top of the 1st over - 0 runs, 1 hit, 0 errors, 1 left on base; Niagara Falls 0 - Syracuse 0
BOTTOM OF THE 1ST
Syracuse Storm batting - Pitching for Niagara Falls Expos : RHP Bob Hollingsworth
Pitching: RHP Bob Hollingsworth
Batting: LHB Bobby Verstraten 0-0: Ball
1-0: Foul Ball, location: 2F
1-1: Ball
2-1: Fly out, F7 (Flyball, 7LS, EV 83.8 MPH)
Batting: LHB Russell Hamilton 0-0: Ball
1-0: Foul Ball, location: 2F
1-1: Foul Ball, location: 2F
1-2: Ground out 5-3 (Groundball, 6, EV 83.8 MPH)
Batting: RHB Julian Lemur 0-0: Called Strike
0-1: Foul Ball, location: 2F
0-2: Ground out 4-3 (Groundball, 4, EV 82.5 MPH)
Bottom of the 1st over - 0 runs, 0 hits, 0 errors, 0 left on base; Niagara Falls 0 - Syracuse 0
TOP OF THE 2ND
Niagara Falls Expos batting - Pitching for Syracuse Storm : LHP Ari Heinonen
Batting: LHB Jack Morton 0-0: Ball
1-0: Foul Ball, location: 2F
1-1: Reached on error, E8 (Flyball, 8RS, EV 83.8 MPH)
Batting: RHB Arnie Birand 0-0: Ball
1-0: Ball
2-0: Ball
3-0: Base on Balls
Jack Morton to second
Batting: RHB Rafael Navia 0-0: Fielders Choice at 2nd, 3-6 (Groundball, 34, EV 83.8 MPH)
Jack Morton to third
Batting: RHB Jim O'Neal 0-0: Foul Ball, location: 2F
0-1: Ball
1-1: Ball
2-1: Ball
3-1: Base on Balls
Rafael Navia to second
Batting: SHB Mark Brantley 0-0: Ball
1-0: Swinging Strike
1-1: Called Strike
1-2: Strikes out swinging
Batting: LHB Allen Harding 0-0: Ground out 4-3 (Groundball, 4, EV 93.1 MPH)
Top of the 2nd over - 0 runs, 0 hits, 1 error, 3 left on base; Niagara Falls 0 - Syracuse 0
BOTTOM OF THE 2ND
Syracuse Storm batting - Pitching for Niagara Falls Expos : RHP Bob Hollingsworth
Batting: LHB Zak Makepeace 0-0: Swinging Strike
0-1: Swinging Strike
0-2: Strikes out swinging
Batting: RHB Emílio Pueblo 0-0: Swinging Strike
0-1: DOUBLE (Line Drive, 89M, EV 113.1 MPH)
Batting: LHB James Berry 0-0: Called Strike
0-1: Ball
1-1: Foul Ball, location: 2F
1-2: Strikes out looking
Batting: RHB Charlie Yaeger 0-0: Foul Ball, location: 2F
0-1: Ball
1-1: Called Strike
1-2: Ball
2-2: Foul Ball, location: 2F
2-2: Foul Ball, location: 2F
2-2: Ball
3-2: Base on Balls
Batting: SHB Alejandro De La Cerdo 0-0: Foul Ball, location: 2F
0-1: Called Strike
0-2: Ball
1-2: Strikes out looking
Bottom of the 2nd over - 0 runs, 1 hit, 0 errors, 2 left on base; Niagara Falls 0 - Syracuse 0
TOP OF THE 3RD
Niagara Falls Expos batting - Pitching for Syracuse Storm : LHP Ari Heinonen
Batting: LHB Conrad Overdevest 0-0: Ball
1-0: Ball
2-0: Swinging Strike
2-1: Swinging Strike
2-2: Strikes out swinging
Batting: LHB Alex Joly 0-0: Ball
1-0: Called Strike
1-1: Ground out 6-3 (Groundball, 6, EV 90.0 MPH)
Batting: RHB Nick O'Quigley 0-0: Called Strike
0-1: Swinging Strike
0-2: SINGLE (Flyball, 78S, EV 86.2 MPH) - OUT at second base trying to stretch hit.
Top of the 3rd over - 0 runs, 1 hit, 0 errors, 0 left on base; Niagara Falls 0 - Syracuse 0
BOTTOM OF THE 3RD
Syracuse Storm batting - Pitching for Niagara Falls Expos : RHP Bob Hollingsworth
Batting: RHB Randy Baker 0-0: Ball
1-0: Called Strike
1-1: Foul Ball, location: 2F
1-2: Foul Ball, location: 2F
1-2: Strikes out swinging
Batting: LHB Bobby Verstraten 0-0: Ball
1-0: Ball
2-0: Ball
3-0: Base on Balls
Batting: LHB Russell Hamilton 0-0: Ball
Pickoff Throw to First - Error! E1
Bobby Verstraten to second
1-0: Ball
Wild Pitch!
Bobby Verstraten to third
2-0: Called Strike
2-1: Swinging Strike
2-2: Ball
3-2: Strikes out swinging
Batting: RHB Julian Lemur 0-0: Foul Ball, location: 2F
0-1: Foul Ball, location: 2F
0-2: SINGLE (Line Drive, 7LS, EV 91.9 MPH)
Bobby Verstraten scores
Batting: LHB Zak Makepeace 0-0: Called Strike
0-1: Fly out, F9 (Line Drive, 9D, EV 93.8 MPH)
Bottom of the 3rd over - 1 run, 1 hit, 1 error, 1 left on base; Niagara Falls 0 - Syracuse 1
TOP OF THE 4TH
Niagara Falls Expos batting - Pitching for Syracuse Storm : LHP Ari Heinonen
Batting: LHB Jack Morton 0-0: Ball
1-0: Called Strike
1-1: Called Strike
1-2: Ball
2-2: Strikes out swinging
Batting: RHB Arnie Birand 0-0: Ground out 4-3 (Groundball, 4M, EV 96.2 MPH)
Batting: RHB Rafael Navia 0-0: Ball
1-0: Called Strike
1-1: Ball
2-1: Foul Ball, location: 2F
2-2: DOUBLE (Groundball, 5L, EV 103.8 MPH)
Batting: RHB Jim O'Neal 0-0: Called Strike
0-1: Swinging Strike
0-2: Strikes out swinging
Top of the 4th over - 0 runs, 1 hit, 0 errors, 1 left on base; Niagara Falls 0 - Syracuse 1
BOTTOM OF THE 4TH
Syracuse Storm batting - Pitching for Niagara Falls Expos : RHP Bob Hollingsworth
Batting: RHB Emílio Pueblo 0-0: Foul Ball, location: 2F
0-1: Hit by Pitch
Batting: LHB James Berry 0-0: Ball
Emílio Pueblo is caught stealing 2nd base 2-6
1-0: Called Strike
1-1: Called Strike
1-2: Ball
2-2: Ground out 5-3 (Groundball, 5L, EV 89.4 MPH)
Pitching: LHP Richard Haigh
Batting: RHB Charlie Yaeger 0-0: Ball
1-0: Ball
2-0: Ball
3-0: Called Strike
3-1: Base on Balls
Batting: SHB Alejandro De La Cerdo 0-0: Ball
1-0: Fielders Choice at 2nd, 5-4 (Groundball, 5L, EV 101.9 MPH)
Bottom of the 4th over - 0 runs, 0 hits, 0 errors, 1 left on base; Niagara Falls 0 - Syracuse 1
TOP OF THE 5TH
Niagara Falls Expos batting - Pitching for Syracuse Storm : LHP Ari Heinonen
Batting: SHB Mark Brantley 0-0: Foul Ball, location: 2F
0-1: Foul Ball, location: 2F
0-2: Strikes out swinging
Batting: LHB Allen Harding 0-0: Ball
1-0: Ball
2-0: Ball
3-0: Called Strike
3-1: DOUBLE (Flyball, 78D, EV 105.6 MPH)
Batting: LHB Conrad Overdevest 0-0: Called Strike
0-1: Swinging Strike
0-2: Strikes out swinging
Batting: LHB Alex Joly 0-0: Ball
1-0: Fly out, F3 (Line Drive, 4, EV 65.6 MPH)
Top of the 5th over - 0 runs, 1 hit, 0 errors, 1 left on base; Niagara Falls 0 - Syracuse 1
BOTTOM OF THE 5TH
Syracuse Storm batting - Pitching for Niagara Falls Expos : LHP Richard Haigh
Batting: RHB Randy Baker 0-0: Called Strike
0-1: Ball
1-1: Ball
2-1: Ball
3-1: Ground out 6-3 (Groundball, 6, EV 85.6 MPH)
Batting: LHB Bobby Verstraten 0-0: Ball
1-0: Ball
2-0: Ball
3-0: Base on Balls
Batting: LHB Russell Hamilton 0-0: Ball
1-0: Called Strike
1-1: Ball
2-1: Ball
3-1: Fielders Choice at 2nd, 3-6 (Groundball, 3, EV 98.1 MPH)
Batting: RHB Julian Lemur 0-0: Ball
1-0: Foul Ball, location: 2F
1-1: Swinging Strike
1-2: Foul Ball, location: 2F
1-2: Ball
2-2: Fly out, F6 (Line Drive, 6, EV 69.4 MPH)
Bottom of the 5th over - 0 runs, 0 hits, 0 errors, 1 left on base; Niagara Falls 0 - Syracuse 1
TOP OF THE 6TH
Niagara Falls Expos batting - Pitching for Syracuse Storm : LHP Ari Heinonen
Batting: RHB Nick O'Quigley 0-0: Swinging Strike
0-1: Swinging Strike
0-2: Ball
1-2: Strikes out swinging
Batting: LHB Jack Morton 0-0: Ball
1-0: Ball
2-0: Foul Ball, location: 2F
2-1: SINGLE (Line Drive, 7S, EV 100.6 MPH)
Batting: RHB Arnie Birand 0-0: Called Strike
0-1: Swinging Strike
0-2: Ball
1-2: Strikes out looking
Batting: RHB Rafael Navia 0-0: Ball
1-0: Foul Ball, location: 2F
1-1: Called Strike
1-2: Strikes out swinging
Top of the 6th over - 0 runs, 1 hit, 0 errors, 1 left on base; Niagara Falls 0 - Syracuse 1
BOTTOM OF THE 6TH
Syracuse Storm batting - Pitching for Niagara Falls Expos : LHP Richard Haigh
Batting: LHB Zak Makepeace 0-0: Ball
1-0: Foul Ball, location: 2F
1-1: Foul Ball, location: 2F
1-2: Fly out, F7 (Line Drive, 7D, EV 92.5 MPH)
Batting: RHB Emílio Pueblo 0-0: Ball
1-0: Fly out, F8 (Flyball, 8RD, EV 102.5 MPH)
Batting: LHB James Berry 0-0: Called Strike
0-1: Swinging Strike
0-2: Ground out U3 (Groundball, 3L, EV 83.1 MPH)
Bottom of the 6th over - 0 runs, 0 hits, 0 errors, 0 left on base; Niagara Falls 0 - Syracuse 1
TOP OF THE 7TH
Niagara Falls Expos batting - Pitching for Syracuse Storm : LHP Ari Heinonen
Batting: RHB Jim O'Neal 0-0: Ball
1-0: Ball
2-0: Foul Ball, location: 2F
2-1: SINGLE (Groundball, 56, EV 105.0 MPH) (infield hit)
Pinch Hitting: RHB Pablo Wolz 0-0: Grounds into double play, 6-4-3 (Groundball, 6, EV 93.8 MPH)
Batting: LHB Allen Harding 0-0: Foul Ball, location: 2F
0-1: Ball
1-1: Ball
2-1: Foul Ball, location: 2F
2-2: Foul Ball, location: 2F
2-2: Foul Ball, location: 2F
2-2: Strikes out looking
Top of the 7th over - 0 runs, 1 hit, 0 errors, 0 left on base; Niagara Falls 0 - Syracuse 1
BOTTOM OF THE 7TH
Syracuse Storm batting - Pitching for Niagara Falls Expos : LHP Richard Haigh
Pitching: LHP Qing-lai Hoong
Now at SS: Edwin Hastings
Batting: RHB Charlie Yaeger 0-0: Ball
1-0: Ball
2-0: Ball
3-0: Called Strike
3-1: Called Strike
3-2: SINGLE (Line Drive, 8LS, EV 90.0 MPH)
Batting: SHB Alejandro De La Cerdo 0-0: Sac Bunt to 15S - play at first, batter OUT! 1-4
Charlie Yaeger to second
Batting: RHB Randy Baker 0-0: Called Strike
0-1: Ball
1-1: Swinging Strike
1-2: Strikes out looking
Batting: LHB Bobby Verstraten 0-0: Ball
1-0: Called Strike
1-1: Ball
2-1: Ball
3-1: Base on Balls
Batting: LHB Russell Hamilton 0-0: Ball
1-0: Swinging Strike
1-1: Called Strike
1-2: Foul Ball, location: 2F
1-2: Ball
2-2: Foul Ball, location: 2F
2-2: Fly out, F7 (Flyball, 7, EV 95.0 MPH)
Bottom of the 7th over - 0 runs, 1 hit, 0 errors, 2 left on base; Niagara Falls 0 - Syracuse 1
TOP OF THE 8TH
Niagara Falls Expos batting - Pitching for Syracuse Storm : LHP Ari Heinonen
Batting: LHB Conrad Overdevest 0-0: Ground out 6-3 (Groundball, 6, EV 110.0 MPH)
Batting: LHB Alex Joly 0-0: Fly out, F4 (Popup, 3S, EV 78.1 MPH)
Batting: RHB Nick O'Quigley 0-0: Called Strike
0-1: Ball
1-1: Called Strike
1-2: Ball
2-2: Strikes out swinging
Top of the 8th over - 0 runs, 0 hits, 0 errors, 0 left on base; Niagara Falls 0 - Syracuse 1
BOTTOM OF THE 8TH
Syracuse Storm batting - Pitching for Niagara Falls Expos : LHP Qing-lai Hoong
Batting: RHB Julian Lemur 0-0: Called Strike
0-1: Foul Ball, location: 2F
0-2: Strikes out swinging
Batting: LHB Zak Makepeace 0-0: Called Strike
0-1: Ball
1-1: Ball
2-1: Foul Ball, location: 2F
2-2: DOUBLE (Line Drive, 7LD, EV 103.1 MPH)
Pitching: RHP Dave Green
Batting: RHB Emílio Pueblo 0-0: Ball
1-0: Ball
2-0: Ball
3-0: Called Strike
3-1: Swinging Strike
3-2: Base on Balls
Batting: LHB James Berry 0-0: Called Strike
0-1: Swinging Strike
0-2: 3-RUN HOME RUN (Flyball, 89XD, EV 112.5 MPH), Distance : 437 ft
Batting: RHB Charlie Yaeger 0-0: Ball
1-0: Ball
2-0: Fly out, F4 (Line Drive, 4, EV 67.5 MPH)
Batting: SHB Alejandro De La Cerdo 0-0: Foul Ball, location: 2F
0-1: Ball
1-1: Called Strike
1-2: Strikes out swinging
Bottom of the 8th over - 3 runs, 2 hits, 0 errors, 0 left on base; Niagara Falls 0 - Syracuse 4
TOP OF THE 9TH
Niagara Falls Expos batting - Pitching for Syracuse Storm : LHP Ari Heinonen
Batting: LHB Jack Morton 0-0: Called Strike
0-1: Ball
1-1: Foul Ball, location: 2F
1-2: Fly out, F6 (Popup, 4M, EV 56.2 MPH)
Pitching: RHP Dave Miller
Batting: RHB Arnie Birand 0-0: Ball
1-0: SINGLE (Flyball, 9S, EV 91.9 MPH)
Batting: RHB Rafael Navia 0-0: SINGLE (Line Drive, 78M, EV 100.0 MPH)
Arnie Birand to second
Pitching: RHP Nate Flores
Batting: RHB Jim O'Neal 0-0: Foul Ball, location: 2F
0-1: Ball
1-1: Swinging Strike
1-2: Foul Ball, location: 2F
1-2: Ball
2-2: Foul Ball, location: 2F
2-2: Strikes out swinging
Batting: RHB Edwin Hastings 0-0: Called Strike
0-1: Called Strike
0-2: Strikes out swinging, 2-3 out at first.
Top of the 9th over - 0 runs, 2 hits, 0 errors, 2 left on base; Niagara Falls 0 - Syracuse 4
Tuesday, January 5th, 2021 - OOTP Baseball 20.8 Build 74